 Dungeon Crawl Stone Soup version 0.28-a0-1616-g050a50673c (webtiles) character file.

Game seed: 1059734752095500411

62 Shayle the Sneak (level 4, -1/33 HPs)
             Began as a Djinni Warper on Jan 22, 2022.
             Killed by nerve-wracking pain
             ... invoked by Grinder
              (8 damage)
             ... on level 3 of the Dungeon.
             The game lasted 00:05:26 (2022 turns).

Shayle the Sneak (Djinni Warper)                    Turns: 2022, Time: 00:05:27

Health: -1/33      AC:  3    Str: 10    XL:     4   Next: 28%
Gold:   113        EV: 11    Int: 17    God:
                   SH:  0    Dex: 12

rFire   + + .      SeeInvis .   h - +2 flail (vorpal)
rCold   x . .      Faith    .   (no shield)
rNeg    . . .      Spirit   .   a - +0 leather armour
rPois   ∞          Reflect  .   (no helmet)
rElec   .          Harm     .   (no cloak)
rCorr   .          Rampage  .   (no gloves)
Will    .....                   (boots unavailable)
Stlth   ++........              (no amulet)
HPRegen 0.11/turn               (no ring)
MPRegen 0.00/turn               (no ring)

@: flying
A: sickness immunity, fire resistance 2, cold vulnerability 1, float, innate
caster, hp casting, extra vitality 1
a: no special abilities


You were on level 3 of the Dungeon.
You visited 1 branch of the dungeon, and saw 3 of its levels.

You collected 113 gold pieces.

Inventory:

Hand Weapons
 h - a +2 vorpal flail (weapon)
Missiles
 c - 5 boomerangs of dispersal (quivered)
 k - 3 poisoned darts
Armour
 a - a +0 leather armour (worn)
Jewellery
 m - a +6 ring of dexterity
Scrolls
 b - a scroll of blinking
 d - a scroll of brand weapon {unknown}
 e - a scroll of teleportation {unknown}
 g - 2 scrolls of magic mapping {unknown}
 n - a scroll of enchant weapon {unknown}
Potions
 f - a potion of brilliance {unknown}
 i - 2 potions of curing {unknown}
 j - a potion of berserk rage {unknown}
 l - a potion of attraction {unknown}


   Skills:
 - Level 2.0 Fighting
 - Level 0.7 Throwing
 - Level 1.0 Armour
 - Level 2.1 Dodging
 + Level 3.2 Stealth
 - Level 2.0 Unarmed Combat
 - Level 2.4 Spellcasting


You couldn't memorise any spells.
You knew the following spells:

 Your Spells              Type           Power      Damage    Failure   Level
a - Blink                 Tloc           20%        N/A       14%         2
b - Lesser Beckoning      Tloc           10%        N/A       28%         3
c - Gell's Gravitas       Tloc           10%        N/A       28%         3
d - Teleport Other        Tloc           10%        N/A       28%         3
e - Manifold Assault      Tloc           10%        N/A       95%         5
f - Animate Skeleton      Necr           20%        N/A       10%         1
Your spell library was empty.

Dungeon Overview and Level Annotations

Branches:
Dungeon (3/15)

Altars:

Annotations:
D:3 Grinder


Innate Abilities, Weirdness & Mutations

You are immune to sickness and miasma.
You are immune to poison.
Your flesh is very heat resistant. (rF++)
You are vulnerable to cold. (rC-)
You float through the air rather than walking.
You learn spells naturally, not from books.
Your magical power is your life essence.
You have superior vitality. (+4 MHP)


Message History

A kobold comes into view. It is wielding a +0 dagger.
The kobold throws a stone.
The stone completely misses you.
Grinder says, "Don't move a muscle."
You can move again.
Grinder blinks!
The kobold throws a stone.
The stone misses you.
The kobold throws a stone.
The stone hits you but does no damage.
A kobold is nearby!
You start resting.
A kobold is nearby!
The kobold hits you with a +0 dagger.
The kobold throws a stone.
The stone hits you but does no damage.
Grinder blinks!
The kobold hits you with a +0 dagger.
You hit the kobold.
You kill the kobold!
Things that are here:
a +0 dagger; 5 stones Grinder is nearby!
Grinder gestures at you. You resist with significant effort.
Things that are here:
a +0 dagger; 5 stones Grinder hits you!
You writhe in agony.
You barely miss Grinder. Grinder hits you but does no damage.
You barely miss Grinder. Grinder closely misses you.
Okay, then.
You sock Grinder!
Grinder is moderately wounded.
Grinder hits you.
* * * LOW HITPOINT WARNING * * *
Grinder barely misses you.
You closely miss Grinder.
Grinder is moderately wounded.
Grinder misses you.
You closely miss Grinder.
Grinder is moderately wounded.
Grinder hits you.
* * * LOW HITPOINT WARNING * * *
Grinder gestures at you. Pain shoots through your body!
You die...

###
#.###..#.#####.#.<#
#..#.# #.#..#
#....# #.#..#
##.### #.#..# #.#
#.#..# #.# #.#..#
#.# #.#..#
#5#######.#..#
#.@)......#
###########


You could see Grinder.

Vanquished Creatures
  3 adders
  A dart slug (D:1)
  6 bats
  4 endoplasms
  4 goblins
  4 hobgoblins
  5 ball pythons
  A kobold (D:3)
  5 rats
33 creatures vanquished.

Notes
Turn   | Place    | Note
-------+----------+-------------------------------------------
     0 | D:1      | Shayle the Djinni Warper began the quest for the Orb.
     0 | D:1      | Reached XP level 1. HP: 18/18 MP: 0/0
   114 | D:1      | Reached skill level 1 in Stealth
   153 | D:1      | Reached XP level 2. HP: 19/23 MP: 0/0
   579 | D:1      | Found a faded altar of an unknown god.
   733 | D:2      | Reached skill level 2 in Stealth
   968 | D:2      | Reached XP level 3. HP: 21/28 MP: 0/0
   968 | D:2      | Learned a level 1 spell: Animate Skeleton
  1731 | D:3      | Reached XP level 4. HP: 26/33 MP: 0/0
  1735 | D:3      | Identified the +1 chain mail of the Salmon {Str+3}
  1748 | D:3      | Reached skill level 3 in Stealth
  1977 | D:3      | Noticed Grinder
  1978 | D:3      | Paralysed by Grinder for 4 turns
  2022 | D:3      | Killed from afar by Grinder

Illustrated notes

Levels and vault maps discovered:
D:1:      amcnicky_arrival_single_pillar, layout_rooms,
          shapermc_ecumenical_altar_mp_vishouse,
          nicolae_concentric_dashed_squares_mild
D:2:      layout_rooms, minivault_5, minmay_misc_feat_hallway
D:3:      layout_basic, uniq_grinder

Skill      XL: |  1  2  3  4 |
---------------+-------------+-----
Stealth        | 1 2 3 |  3.2
Fighting       | |  2.0
Throwing       | |  0.7
Armour         | |  1.0
Dodging        | |  2.1
Unarmed Combat | |  2.0
Spellcasting   | |  2.4

Action                   |  1- 3 |  4- 6 || total
-------------------------+-------+-------++-------
Melee: Unarmed           |    34 |       ||    34
       Flail             |    57 |    28 ||    85
       Punch             |     1 |     1 ||     2
 Stab: Sleeping          |     2 |       ||     2
Armor: Leather armour    |    25 |     9 ||    34
Dodge: Dodged            |    70 |    24 ||    94

Table legend: (Time is in decaauts)
 A = Elapsed time spent in this place.
 B = Non-inter-level travel time spent in this place.
 C = Inter-level travel time spent in this place.
 D = Time resting spent in this place.
 E = Time spent auto-exploring this place.
 F = Levels seen in this place.
 G = Mean time per level.
                   A        B        C        D        E       F      G
               +--------+--------+--------+--------+--------+-----+--------+
         Total |   2053 |   2000 |     53 |    551 |    989 |   3 |  684.3 |
       Dungeon |   2053 |   2000 |     53 |    551 |    989 |   3 |  684.3 |
               +--------+--------+--------+--------+--------+-----+--------+

Top non-repeatable levels by time:
     D:2: 1037 daAuts
     D:1: 668 daAuts
     D:3: 347 daAuts
